 Dungeon Crawl Stone Soup version 0.21-a0-414-gba8bdf1 (webtiles) character file.

90 Barriton the Skirmisher (level 4, 0/35 HPs)
             Began as a Demonspawn Abyssal Knight on Nov 2, 2017.
             Was a Believer of Lugonu.
             Slain by Purgy (2 damage)
             ... on level 3 of the Dungeon.
             The game lasted 00:07:11 (1915 turns).

Barriton the Skirmisher (Demonspawn Abyssal Knight) Turns: 1915, Time: 00:07:12

Health: 0/35       AC: 12    Str: 13    XL:     4   Next: 32%
Magic:  5/5        EV: 12    Int: 14    God:    Lugonu [**....]
Gold:   90         SH:  0    Dex: 12    Spells: 3/3 levels left

rFire    x . .     SeeInvis .   j - +1 spear (pierce)
rCold    + . .     Gourm    .   (no shield)
rNeg     . . .     Faith    .   b - +2 leather armour
rPois    .         Spirit   .   (no helmet)
rElec    .         Reflect  .   (no cloak)
rCorr    .         Harm     .   l - +2 pair of gloves
MR       .....                  (no boots)
Stlth    +.........             (no amulet)
HPRegen  0.11/turn              i - ring of ice
MPRegen  0.09/turn              (no ring)

@: no status effects
A: iridescent scales 2
a: Depart the Abyss, Bend Space, Renounce Religion


You were on level 3 of the Dungeon.
You worshipped Lugonu.
Lugonu was pleased with you.
You were hungry.

You visited 1 branch of the dungeon, and saw 3 of its levels.
You visited the Abyss 1 time.

You collected 90 gold pieces.

Inventory:

Hand Weapons
 a - a +1 mace
 e - a +0 short sword
 j - a +1 spear of piercing (weapon)
Armour
 b - a +2 leather armour (worn)
 l - a +2 pair of gloves (worn)
Jewellery
 i - a ring of ice (left hand)
Scrolls
 g - 2 scrolls of remove curse
Potions
 f - a potion of flight
 k - a potion of invisibility {unknown}
 q - a potion of ambrosia {unknown}
 t - a potion of lignification {unknown}
 u - a potion of haste {unknown}
Comestibles
 c - a bread ration
 h - 3 royal jellies
 m - a meat ration
 o - 2 fruits


   Skills:
 + Level 3.5 Fighting
 + Level 2.1 Maces & Flails
 + Level 1.5 Polearms
 + Level 2.5 Armour
 + Level 1.7 Dodging
 + Level 2.4 Invocations


You had 3 spell levels left.
You didn't know any spells.

Dungeon Overview and Level Annotations

Branches:
Dungeon (3/15)

Altars:
Gozag
Kikubaaqudgha

Annotations:
D:3 Purgy


Innate Abilities, Weirdness & Mutations

You are mostly covered in iridescent scales. (AC +4)


Message History

Purgy misses you. Purgy claws you but does no damage. Purgy barely misses you.
Okay, then.
Unknown command.
You hit Purgy.
Purgy is severely wounded.
Purgy barely misses you. x2; Purgy claws you but does no damage.
You hit Purgy.
Purgy is severely wounded.
Purgy closely misses you. Purgy barely misses you. Purgy closely misses you.
You miss Purgy.
Purgy is severely wounded.
Purgy bites you.
* * * LOW HITPOINT WARNING * * *
Purgy claws you.
* * * LOW HITPOINT WARNING * * *
Purgy closely misses you.
You closely miss Purgy.
Purgy is severely wounded.
Purgy bites you.
You die...

.......#####
...........
.........[#######
.................
.................
.................
.........†.......
.......<.T.......
.........@.......
........#########
!........
.........
..........
..........
..........#


You could see Purgy.

Vanquished Creatures
  2 adders
  2 worms (D:2)
  A dart slug (D:1)
  2 leopard geckos
  7 bats
  2 giant cockroaches
  3 goblins
  6 hobgoblins
  11 jackals (D:1)
  A ball python (D:1)
  7 frilled lizards
  8 kobolds
  9 rats
61 creatures vanquished.

Notes
Turn   | Place    | Note
-------+----------+-------------------------------------------
     0 | Abyss:1  | Barriton the Demonspawn Abyssal Knight began the quest for the Orb.
     0 | Abyss:1  | Reached XP level 1. HP: 18/18 MP: 2/2
    16 | D:1      | Escaped the Abyss
    84 | D:1      | Gained mutation: You are partially covered in iridescent scales. (AC +2) [demonic ancestry]
    84 | D:1      | Reached XP level 2. HP: 8/24 MP: 3/3
   403 | D:1      | Reached skill level 1 in Dodging
   403 | D:1      | HP: 1/24 [jackal (2)]
   414 | D:1      | Reached ** piety under Lugonu
   788 | D:1      | Gained mutation: You are mostly covered in iridescent scales. (AC +4) [demonic ancestry]
   788 | D:1      | Reached XP level 3. HP: 26/29 MP: 4/4
  1219 | D:2      | Found an ancient bone altar of Kikubaaqudgha.
  1301 | D:2      | Found an opulent altar of Gozag.
  1348 | D:2      | Reached skill level 1 in Polearms
  1423 | D:2      | Reached XP level 4. HP: 24/35 MP: 5/5
  1871 | D:3      | Noticed Purgy
  1915 | D:3      | Slain by Purgy

Vault maps used:
D:1:      minmay_arrival_floating_metal
D:2:      lemuel_doored_altar, kiku_gazebo_garden_becter
D:3:      minitemple, tso_altar, uniq_purgy

Skill      XL: |  1  2  3 |
---------------+----------+-----
Armour         | 2 |  2.5
Maces & Flails | 2 |  2.1
Dodging        | 1 |  1.7
Polearms       | 1 |  1.5
Fighting       | |  3.5
Invocations    | |  2.4

Action                   |  1- 3 |  4- 6 || total
-------------------------+-------+-------++-------
Melee: Mace              |    45 |       ||    45
       Spear             |   153 |    53 ||   206
  Use: Scroll            |     1 |     7 ||     8
  Eat: Chunk             |     2 |     1 ||     3
Armor: Leather armour    |   139 |    50 ||   189
Dodge: Dodged            |   197 |    66 ||   263

Table legend:
 A = Spawn XP
 B = Non-spawn XP
 C = Spawn XP percentage of total XP
 D = Spawn monster count
 E = Non-spawn monster count
 F = Spawn count percentage of total count
 G = Total turns spent on level
                    A         B        C        D         E        F      G
               +---------+---------+-------+---------+---------+-------+---------
         Total |       0 |     129 |   0.0 |       0 |      61 |   0.0 |  1915
               +---------+---------+-------+---------+---------+-------+---------
           D:1 |       0 |      63 |   0.0 |       0 |      36 |   0.0 |  1168
           D:2 |       0 |      52 |   0.0 |       0 |      23 |   0.0 |   687
           D:3 |       0 |      14 |   0.0 |       0 |       2 |   0.0 |    44
               +---------+---------+-------+---------+---------+-------+---------
